[Event "*** Titled Tuesday Blitz"]
[Site "Chess.com"]
[Date "2021.04.20"]
[Round "10"]
[White "PavelChernomordik"]
[Black "UKR_Master"]
[Result "0-1"]
[WhiteElo "2387"]
[BlackElo "2488"]
[TimeControl "180+1"]
[EndTime "11:55:25 PDT"]
[Termination "UKR_Master won on time"]

1. e4 c5 2. Nc3 d6 3. f4 Nc6 4. Nf3 g6 5. Bb5 Bg7 6. O-O e6 7. Bxc6+ bxc6 8. d3 Ne7 9. Be3 O-O 10. Bf2 Rb8 11.
Rb1 Qa5 12. Qd2 Rxb2 13. Nd5 Qd8 14. Rxb2 Bxb2 15. Nxe7+ Qxe7 16. c3 Ba3 17. Qc2 c4 18.
Qa4 d5 19. exd5 cxd5 20. dxc4 dxc4 21. Ne5 Bb7 22. Qxa7 Bd6 23. Qd4 Rc8 24. Ng4 h5 25.
Nf6+ Kf8 26. Nh7+ Ke8 27. Nf6+ Kd8 28. Rd1 Rc6 29. Ne4 Kc7 30. Qa7 Bxf4 31. Qa5+ Kc8 32. Bc5 Qc7 33. Qb4 Rxc5 34. Nxc5 Be3+ 35. Kf1 Qxc5 36.
Qa4 Qf5+ 0-1

[Event "*** Titled Tuesday Blitz"]
[Site "Chess.com"]
[Date "2021.04.20"]
[Round "10"]
[White "FeketeBarika"]
[Black "HouseOfDurin"]
[Result "1-0"]
[WhiteElo "2249"]
[BlackElo "2124"]
[TimeControl "180+1"]
[EndTime "11:55:25 PDT"]
[Termination "FeketeBarika won on time"]

1. Nf3 c5 2. g3 Nc6 3. Bg2 g6 4. O-O Bg7 5. c4 e5 6. Nc3 Nge7 7. d3 h6 8. Ne1 O-O 9. Nc2 d6 10. Ne3 Be6 11. a3 a5 12. Bd2 b6 13. Rb1 Qd7 14.
Ned5 Rab8 15. b4 axb4 16. axb4 Bxd5 17. Nxd5 Nxd5 18. Bxd5 Nd4 19. b5 Kh7 20. Ra1 f5 21. Ra6 f4 22. e3 fxe3 23. fxe3 Rxf1+ 24. Qxf1 Ne6 25. Qh3 Re8 26. Bc6 Qd8 27. Ra8 Ng5 28. Qg4 Qxa8 29. Bxa8 Rxa8 30. h4 Ra1+ 31. Kf2 Ra2 32.
Ke2 Nf7 33. Qe6 Kg8 34. Qxg6 e4 35. dxe4 Kf8 36. Ke1 Ra1+ 37. Ke2 Ra2 38. e5 Bxe5 39. Kd3 Ke7 40. h5 Bf6 41. Qe4+ Ne5+ 42. Ke2 Rb2 43. g4 Ke6 44. Qd5+ Ke7 45. Qg8 Nd7 46. Qh7+ Ke6 47. Qf5+ Ke7 48. Qe4+ Kd8 49. Kd1 Ra2 50. Qd5 Ra1+ 51.
Kc2 Kc7 52. e4 Ne5 53. Bf4 Ra2+ 54. Kb1 Rg2 55. Bxh6 Rxg4 56. Bf8 1-0

[Event "*** Titled Tuesday Blitz"]
[Site "Chess.com"]
[Date "2021.04.20"]
[Round "10"]
[White "GMRafpig"]
[Black "Jumbo"]
[Result "1-0"]
[WhiteElo "2725"]
[BlackElo "2793"]
[TimeControl "180+1"]
[EndTime "11:55:26 PDT"]
[Termination "GMRafpig won on time"]

1. c4 e5 2. Nc3 Nf6 3. Nf3 Nc6 4. e4 Bb4 5. d3 d6 6. a3 Bc5 7. b4 Bb6 8. Na4 h6 9. Nxb6 axb6 10. Be3 Ng4 11.
Be2 f5 12. exf5 Bxf5 13. O-O O-O 14. Bd2 Qd7 15. h3 Nf6 16. Kh2 Rae8 17. Be3 d5 18.
b5 Nd8 19. d4 exd4 20. Nxd4 Be4 21. Rc1 Nf7 22. Kg1 Qd6 23. Qb3 Kh8 24. Qb4 Qxb4 25.
axb4 dxc4 26. Bxc4 Nd6 27. Bb3 Re7 28. Ne6 Rc8 29.
Rfd1 Nfe8 30. Nf4 g5 31. Nd5 Bxd5 32. Rxd5 Ra8 33. Bd4+ Kh7 34. h4 gxh4 35. Rh5 Ng7 36. Bc2+ Kg8 37. Rxh6 Ra3 38. Bh7+ Kf7 39. Bg6+ Kg8 40.
Rxh4 Rb3 41. Bc3 1-0

[Event "*** Titled Tuesday Blitz"]
[Site "Chess.com"]
[Date "2021.04.20"]
[Round "10"]
[White "anon569"]
[Black "MerryPoppies"]
[Result "1-0"]
[WhiteElo "2232"]
[BlackElo "2127"]
[TimeControl "180+1"]
[EndTime "11:55:27 PDT"]
[Termination "anon569 won on time"]

1. e4 c6 2. d4 d5 3. Nd2 dxe4 4. Nxe4 Bf5 5. Ng3 Bg6 6. h4 h6 7. Nh3 Nf6 8. Nf4 Bh7 9. Bc4 e6 10. O-O Bd6 11. Re1 Bxf4 12. Bxf4 O-O 13. c3 Nd5 14. Bxd5 cxd5 15. Qg4 f5 16. Qf3 Re8 17. Nh5 Bg6 18.
Be5 Bxh5 19. Qxh5 Nc6 20. Bf4 Qf6 21. Re3 Qf7 22. Qe2 Re7 23. Re1 Rae8 24. h5 Qf6 25. Bd6 Rd7 26. Bf4 Rde7 27. Qb5 Nd8 28. Be5 Qh4 29. Qe2 Rd7 30. Rh3 Qg5 31. Rg3 Qh4 32. Qf3 Rf8 33. Rh3 Qg5 34. Rg3 Qh4 35. Bf4 Rdf7 36. Rg6 Rf6 37. Bg3 1-0

[Event "*** Titled Tuesday Blitz"]
[Site "Chess.com"]
[Date "2021.04.20"]
[Round "10"]
[White "NefeLV"]
[Black "gisela_roque"]
[Result "0-1"]
[WhiteElo "1819"]
[BlackElo "1827"]
[TimeControl "180+1"]
[EndTime "11:55:27 PDT"]
[Termination "gisela_roque won on time"]

1. e4 e6 2. Nf3 d5 3. Nc3 Nf6 4. e5 Nfd7 5. d4 c5 6. Be2 Nc6 7. Be3 Be7 8. O-O O-O 9. Qd2 f6 10. exf6 Nxf6 11. dxc5 Ng4 12. Bd4 e5 13. Nxe5 Ngxe5 14. Bxe5 Nxe5 15. Nxd5 Bxc5 16. Rad1 Be6 17. c4 Nc6 18. Bf3 Nd4 19. Be4 Qh4 20. Qd3 Bg4 21.
Rd2 h6 22. b4 Bb6 23. c5 Ne2+ 24. Rxe2 Bxe2 25. Qxe2 Bd8 26. Qd3 Bg5 27. a4 Rad8 28. Qb3 Kh8 29. f3 Bf4 30. Nxf4 Rxf4 31. Rd1 Rdf8 32. Qc2 Qg5 33. Kh1 Rh4 34. b5 Qe5 35.
g3 Qxg3 0-1

[Event "*** Titled Tuesday Blitz"]
[Site "Chess.com"]
[Date "2021.04.20"]
[Round "10"]
[White "CSB7"]
[Black "Korchmar_Vasiliy"]
[Result "0-1"]
[WhiteElo "2753"]
[BlackElo "2685"]
[TimeControl "180+1"]
[EndTime "11:55:30 PDT"]
[Termination "Korchmar_Vasiliy won by resignation"]

1. d4 Nf6 2. c4 c6 3. Nc3 d5 4. Nf3 a6 5. Qc2 dxc4 6. e4 b5 7. b3 cxb3 8. axb3 Bg4 9. Bxb5 Bxf3 10. gxf3 e6 11. Be2 Qxd4 12. Be3 Qe5 13. f4 Qc7 14. e5 Nd5 15. Nxd5 exd5 16. O-O Be7 17. Rfd1 Qb7 18. f5 Nd7 19. e6 fxe6 20. fxe6 Nf6 21. Rdc1 O-O 22. Qxc6 Qb4 23. Bc5 Bxc5 24. Qxc5 Qh4 25. Qe3 Ne4 26. f3 Ng5 27. Ra4 Qh6 28. Kh1 Rae8 29.
Rxa6 Rf6 30. Rg1 Rg6 31. f4 Nxe6 32. Rxg6 Qxg6 33. Bd3 Qf7 34. Rd6 Nxf4 35. Qf3 Nxd3 36. Qxd5 Re1+ 37. Kg2 Nf4+ 38. Kf3 Nxd5+ 0-1

[Event "*** Titled Tuesday Blitz"]
[Site "Chess.com"]
[Date "2021.04.20"]
[Round "10"]
[White "Klavdia_Nik"]
[Black "halldorgretar"]
[Result "1-0"]
[WhiteElo "2053"]
[BlackElo "2118"]
[TimeControl "180+1"]
[EndTime "11:55:30 PDT"]
[Termination "Klavdia_Nik won on time"]

1. Nf3 Nf6 2. c4 c5 3. b3 g6 4.
Bb2 Bg7 5. g3 O-O 6. Bg2 Nc6 7.
O-O Rb8 8. Nc3 a6 9. d4 cxd4 10. Nxd4 Nxd4 11. Qxd4 b5 12. e4 bxc4 13. Qxc4 d6 14. Rad1 Nd7 15. Qe2 Nc5 16. Nd5 a5 17. Bxg7 Kxg7 18. Rfe1 Ba6 19. Qb2+ f6 20. Qd4 Qd7 21.
h4 Rfc8 22. h5 Qg4 23. Nxe7 Ne6 24. Qe3 Rc2 25. Nd5 Qxh5 26. Nf4 Qe5 27. Nxe6+ Qxe6 28. Qa7+ Rb7 29. Qxa6 Rbc7 30. Qxd6 Qg4 31. Rd2 Rc1 32.
Rdd1 R1c2 33. Qb6 Re7 34. Qxa5 Re2 35. Rxe2 Qxe2 36. Re1 Qc2 37. e5 f5 38. e6 f4 39.
Qe5+ Kg8 40. Qxf4 1-0

[Event "*** Titled Tuesday Blitz"]
[Site "Chess.com"]
[Date "2021.04.20"]
[Round "10"]
[White "Goryachkina"]
[Black "c_r_e_e_p_e_r"]
[Result "1-0"]
[WhiteElo "2654"]
[BlackElo "2397"]
[TimeControl "180+1"]
[EndTime "11:55:31 PDT"]
[Termination "Goryachkina won on time"]

1. e4 c5 2. Nf3 e6 3. c3 Nf6 4. e5 Nd5 5. Bc4 d6 6. d4 cxd4 7. cxd4 Nc6 8. O-O Be7 9. Bd2 O-O 10.
Nc3 Nxc3 11. Bxc3 dxe5 12. dxe5 b6 13. Qe2 Bb7 14. Rfd1 Qc7 15. Rac1 Rac8 16. Bd3 Qb8 17. a3 Rfd8 18. Qe4 g6 19. Qf4 Rd5 20. Bc2 Rcd8 21. h4 Rxd1+ 22. Rxd1 Rxd1+ 23. Bxd1 Qd8 24. Bc2 Qd5 25. h5 Nd8 26. Qg4 Bf8 27. hxg6 hxg6 28. Ng5 Bh6 29. Nxf7 Kxf7 30. Qxg6+ Ke7 31. f3 Be3+ 32.
Kf1 Ba6+ 33. Ke1 Bd4 34. Qh7+ Nf7 35. Qh4+ Kd7 36. Qxd4 Qxd4 37. Bxd4 Kc6 38. Be4+ Kd7 39. f4 Nh6 40. Kf2 Bc4 41. Kf3 Bb3 42. g3 Bd1+ 43.
Kf2 Ng4+ 44. Ke1 Bb3 45. f5 exf5 46. Bxf5+ Be6 47. Be4 Kc7 48. Ke2 1-0

[Event "*** Titled Tuesday Blitz"]
[Site "Chess.com"]
[Date "2021.04.20"]
[Round "10"]
[White "HrvojeZagreb"]
[Black "LifeIsAllAboutChess23"]
[Result "0-1"]
[WhiteElo "2262"]
[BlackElo "2173"]
[TimeControl "180+1"]
[EndTime "11:55:31 PDT"]
[Termination "LifeIsAllAboutChess23 won on time"]

1. d4 Nf6 2. Bf4 g6 3. Nc3 Bg7 4. e4 d6 5. Qd2 h6 6. O-O-O Nbd7 7. Nf3 b6 8. h4 Bb7 9. e5 Nd5 10. Nxd5 Bxd5 11. exd6 cxd6 12. Qe3 Nf6 13. Bb5+ Kf8 14. Kb1 a6 15. Bd3 Qd7 16. Nd2 Rc8 17. Ne4 Qe6 18.
Nc3 Qxe3 19. fxe3 Bxg2 20. Rhg1 Bb7 21. e4 Nd7 22. Be3 Bf6 23. h5 g5 24. Rdf1 Kg7 25.
Ne2 Rc7 26. Ng3 e6 27. Rf2 Rhc8 28. Rgf1 b5 29. e5 dxe5 30. dxe5 Bxe5 31. Rxf7+ Kg8 32. Ne4 Rxc2 33. Rxd7 Rxb2+ 34. Ka1 Rf2+ 35. Bd4 Bxd4+ 36. Rxd4 Rxf1+ 37. Bxf1 Rc1+ 38. Kb2 Rxf1 39. Nd6 Bd5 0-1

[Event "*** Titled Tuesday Blitz"]
[Site "Chess.com"]
[Date "2021.04.20"]
[Round "10"]
[White "LittleMyMoomin"]
[Black "CraiggoryC"]
[Result "0-1"]
[WhiteElo "1908"]
[BlackElo "2169"]
[TimeControl "180+1"]
[EndTime "11:55:31 PDT"]
[Termination "CraiggoryC won on time"]

1. c4 Nf6 2. Nc3 g6 3. e4 d6 4. Bd3 Bg7 5. Bc2 c5 6. Nge2 O-O 7. O-O Nc6 8. d4 cxd4 9. Nxd4 Nxe4 10. Nxc6 Nxc3 11. Nxd8 Nxd1 12. Nxb7 Nxb2 13. Bxb2 Bxb2 14. Rab1 Bc3 15. c5 Rb8 16. c6 d5 17. Rb3 Bf6 18. Rd1 e6 19. Bd3 Be5 20. Rdb1 Bc7 21. Ba6 Bb6 22.
Nc5 Bxc5 23. Rxb8 Bxa6 24. Rxf8+ Kxf8 25. Rb8+ Ke7 26. c7 Kd7 27. Rh8 h5 28. Rh7 Kxc7 29. Rxf7+ Kd6 30. Rg7 Bd3 31. h4 Bf5 32. g3 d4 33. Kf1 e5 34. Rg8 e4 35. Rd8+ Ke5 36. Re8+ Kd5 37. Ke2 Kc4 38. Rb8 d3+ 39. Ke1 Bb4+ 40.
Kf1 d2 41. Rd8 Bg4 42. Rc8+ Kd3 43. Rd8+ Kc2 44. Rc8+ Bc3 0-1

[Event "*** Titled Tuesday Blitz"]
[Site "Chess.com"]
[Date "2021.04.20"]
[Round "10"]
[White "Mr_Sinigami"]
[Black "Rsnr"]
[Result "0-1"]
[WhiteElo "2618"]
[BlackElo "2781"]
[TimeControl "180+1"]
[EndTime "11:55:32 PDT"]
[Termination "Rsnr won on time"]

1. d4 d5 2. Nf3 Nf6 3. Bf4 c5 4. e3 Nc6 5. Nbd2 cxd4 6. exd4 Bf5 7. c3 e6 8. Be2 Bd6 9. Bg3 O-O 10. O-O h6 11. Re1 Rb8 12. a4 Ne4 13. Nxe4 Bxe4 14. Bd3 Bxd3 15. Qxd3 a6 16. Re2 Bxg3 17. hxg3 Qd6 18.
Qe3 Na5 19. g4 Nc4 20. Qc1 Rfc8 21. g5 hxg5 22. Qxg5 Qd8 23. Qh5 g6 24. Qh6 Qf6 25. Ne5 Qg7 26. Qh4 Nxe5 27. Rxe5 b5 28. axb5 Rxb5 29.
Re2 a5 30. Ra2 Qh7 31. Qxh7+ Kxh7 32. Kf1 g5 33. Ke1 Kg6 34. Kd2 Rc4 35. Kc2 a4 36. Re1 Rb8 37. Rea1 Rh8 38. Rxa4 Rxa4 39. Rxa4 Rh2 40. b4 Rxg2 41. b5 Rxf2+ 42. Kb3 Rf1 43. Ra2 Rh1 44. b6 Rh8 45. Kb4 Rb8 46. Kc5 Rc8+ 47. Kd6 Rxc3 48. Rb2 Rc8 49. b7 Rb8 50. Kc7 Rh8 51. b8=Q Rxb8 52. Rxb8 Kf5 53. Kd6 Ke4 54. Rf8 f5 55. Kxe6 f4 56. Rg8 f3 57. Rxg5 Kxd4 58. Rxd5+ Ke3 0-1

[Event "*** Titled Tuesday Blitz"]
[Site "Chess.com"]
[Date "2021.04.20"]
[Round "10"]
[White "RobertoJBM"]
[Black "Koalaskakistis"]
[Result "0-1"]
[WhiteElo "2714"]
[BlackElo "2577"]
[TimeControl "180+1"]
[EndTime "11:55:32 PDT"]
[Termination "Koalaskakistis won on time"]

1. d4 f5 2. g3 Nf6 3. Bg2 e6 4.
Nf3 Be7 5. O-O O-O 6. c4 d6 7.
Nc3 Ne4 8. Nxe4 fxe4 9. Nd2 d5 10. cxd5 exd5 11. f3 exf3 12. Nxf3 c5 13. Ne5 Nc6 14.
Nxc6 bxc6 15. Bf4 Qb6 16. dxc5 Bxc5+ 17. Kh1 Bf5 18. Rc1 Rae8 19. b3 Ba3 20. Rxc6 Qxc6 21. Bxd5+ Qxd5+ 22. Qxd5+ Kh8 23. Qa5 Bb2 24. e3 Bh3 25.
Rd1 h6 26. Qh5 Bf5 27. Rd6 Rc8 28. Kg1 Rc2 29. g4 Be4 30. Rd7 Rfc8 31. Kf1 Rg2 32.
Bc7 Bf6 33. h4 Bf3 34. Qf7 Rxg4 35. e4 Bxe4 36. Ke2 Bh7 37. Kd2 Rxh4 38. Ke3 Rg4 39. Kf3 Rg5 40. Ke3 Bg8 0-1

[Event "*** Titled Tuesday Blitz"]
[Site "Chess.com"]
[Date "2021.04.20"]
[Round "10"]
[White "OlifantCZ"]
[Black "AthanasiusLefebvre"]
[Result "1-0"]
[WhiteElo "2263"]
[BlackElo "2049"]
[TimeControl "180+1"]
[EndTime "11:55:33 PDT"]
[Termination "OlifantCZ won on time"]

1. c4 Nf6 2. g3 g6 3. Bg2 Bg7 4. Nc3 O-O 5. e4 d6 6. Nge2 c5 7. O-O Nc6 8. d3 a6 9. h3 Rb8 10. a4 Bd7 11. f4 h5 12. Be3 Ne8 13. f5 Nc7 14. g4 hxg4 15. hxg4 b5 16. axb5 axb5 17.
b3 Ne5 18. Qd2 Nxg4 19. fxg6 fxg6 20. Rxf8+ Qxf8 21. Rf1 Qe8 22. Bg5 bxc4 23. bxc4 Ne6 24. Bh4 Nd4 25. Nd5 Rb2 26. Qxb2 Nf3+ 27. Rxf3 Bxb2 28.
Nxe7+ Kg7 29. Nd5 Be6 30. Ndf4 Bf7 31. Bh3 Ne5 32. Rg3 Bd4+ 33. Nxd4 cxd4 34. Kg2 Qa4 35.
Ne2 Qc2 36. Kf1 Nxd3 37. Bg4 Qd1+ 38. Kg2 Ne1+ 39. Kf2 Qd2 40. Bd7 d3 41. Bg4 1-0

[Event "*** Titled Tuesday Blitz"]
[Site "Chess.com"]
[Date "2021.04.20"]
[Round "10"]
[White "AshotParvanyan"]
[Black "politeplayer"]
[Result "1-0"]
[WhiteElo "2535"]
[BlackElo "2268"]
[TimeControl "180+1"]
[EndTime "11:55:34 PDT"]
[Termination "AshotParvanyan won by resignation"]

1. Nf3 d5 2. d4 Nf6 3. c4 e6 4. g3 c5 5. cxd5 exd5 6. Bg2 Nc6 7. O-O Be7 8. Nc3 O-O 9. Bg5 c4 10. b3 Qa5 11. Na4 Bf5 12. Ne5 c3 13. Nxc6 bxc6 14. Rc1 c2 15. Qd2 Qxd2 16. Bxd2 Ba3 17. Ra1 Rfe8 18. e3 Bd3 19. Rfe1 Bb5 20. Nc5 Bb2 21.
Rac1 Bxc1 22. Rxc1 Ne4 23. Bxe4 dxe4 24. Rxc2 a5 25. a4 Bd3 26. Nxd3 exd3 27. Rc3 Rab8 28. Rxd3 c5 29. dxc5 Red8 30. Rxd8+ Rxd8 31. Bxa5 Rd1+ 32. Kg2 Kf8 33. b4 Ke7 34. b5 Ra1 35. Bb6 Rxa4 36. c6 Kd6 37. Bd4 f6 38. Kf3 Rb4 39. Bc5+ Kxc5 40.
c7 Rxb5 41. c8=Q+ Kd6 42. Qg8 Rf5+ 43. Ke2 Rg5 44. Qxh7 Ke6 45. h4 Rb5 46. Qxg7 Rb2+ 47. Kf3 Rc2 48. h5 f5 49. h6 f4 50. gxf4 Kf5 51.
Qg5+ Ke6 52. Qg6+ 1-0

[Event "*** Titled Tuesday Blitz"]
[Site "Chess.com"]
[Date "2021.04.20"]
[Round "10"]
[White "Roedor"]
[Black "Keks2017"]
[Result "0-1"]
[WhiteElo "2289"]
[BlackElo "2452"]
[TimeControl "180+1"]
[EndTime "11:55:34 PDT"]
[Termination "Keks2017 won by resignation"]

1. d4 d6 2. c4 e5 3. Nc3 Nd7 4.
Nf3 Ngf6 5. g3 g6 6. Bg2 Bg7 7. O-O O-O 8. e4 exd4 9. Nxd4 Re8 10. h3 a6 11. Re1 Rb8 12. Bf4 Ne5 13. b3 c5 14. Nc2 b5 15. Ne3 bxc4 16. bxc4 Bb7 17. Ncd5 Nxd5 18. cxd5 a5 19. Rb1 Ba6 20. Bxe5 Bxe5 21.
Ng4 Bg7 22. Qa4 Rxb1 23. Rxb1 Bd3 24. Rb7 c4 25. Rd7 Qb8 26. Rxd6 Bxe4 27. Rb6 Qd8 28. Bxe4 Rxe4 29. Qb5 Re8 30. Rc6 c3 31. d6 h5 32. Ne3 Kh7 33. Qd5 Rf8 34. Rc7 Qf6 35.
d7 Rd8 36. Rc8 h4 37. Ng4 Qe7 38. Rxd8 Qxd8 39. Ne3 hxg3 40. fxg3 Qe7 41. Kf2 Bf6 42. g4 Kg7 43. h4 Bxh4+ 44. Kf3 Bg5 45. Qd4+ Kh7 46.
Nd5 Qe1 47. Nf6+ Bxf6 48. Qxf6 Qf1+ 0-1

[Event "*** Titled Tuesday Blitz"]
[Site "Chess.com"]
[Date "2021.04.20"]
[Round "10"]
[White "crazy_but_lazy"]
[Black "FMJoseHerrera"]
[Result "0-1"]
[WhiteElo "2433"]
[BlackElo "2615"]
[TimeControl "180+1"]
[EndTime "11:55:35 PDT"]
[Termination "FMJoseHerrera won on time"]

1. d4 f6 2. e4 g6 3. Nc3 Kf7 4. Nf3 Kg7 5. Bc4 h5 6. Be3 c6 7. Qd2 e6 8. O-O d5 9. Bd3 Nd7 10. e5 Qc7 11. Bf4 f5 12. Ne2 c5 13. c3 Nh6 14.
Ng5 Nb6 15. a4 a5 16. Rfc1 Nf7 17. h4 Be7 18. Qe3 Bd7 19. Qg3 Qd8 20. dxc5 Bxc5 21. Nd4 Re8 22. b3 Rc8 23. Rd1 Nxg5 24. Bxg5 Be7 25.
Nf3 Rxc3 26. Qf4 Rxb3 27. Rab1 Rb4 28. Rxb4 axb4 29. Qd4 Nxa4 30. Rb1 Bxg5 31. Nxg5 Qc7 32. Qxb4 Nc5 33. Bf1 Bc8 34. Nf3 Ne4 35. Qb5 Re7 36.
Bd3 Nc3 37. Qb4 Nxb1 38. Qxb1 Qc5 39. Qb2 Rc7 40. Qe2 Qc1+ 41. Kh2 Qf4+ 42. g3 Qg4 43. Qe3 Rc3 44. Kg2 Bd7 45. Qd2 d4 46. Be2 Bc6 47.
Qg5 Bxf3+ 48. Bxf3 Qxf3+ 49. Kh2 Qxf2+ 0-1

[Event "*** Titled Tuesday Blitz"]
[Site "Chess.com"]
[Date "2021.04.20"]
[Round "10"]
[White "KacperPolOK"]
[Black "Cambek64"]
[Result "0-1"]
[WhiteElo "2368"]
[BlackElo "2474"]
[TimeControl "180+1"]
[EndTime "11:55:36 PDT"]
[Termination "Cambek64 won by checkmate"]

1. e4 e6 2. d4 d5 3. Nd2 Nc6 4.
Bb5 a6 5. Bxc6+ bxc6 6. Ngf3 Nf6 7. e5 Nd7 8. O-O c5 9. c3 cxd4 10. cxd4 c5 11. Ng5 Be7 12. f4 cxd4 13. Ngf3 O-O 14.
Nb3 Nc5 15. Nxc5 Bxc5 16. Nxd4 Bd7 17. Be3 Bb5 18. Rf3 Qe7 19. Rh3 f5 20. Kh1 Bxd4 21.
Bxd4 Rfc8 22. a4 Be8 23. Raa3 Rc4 24. Rac3 Bxa4 25. Qe1 Rac8 26. Rhe3 Rxc3 27. Rxc3 Rxc3 28. Qxc3 h6 29. h3 Kh7 30. Qc8 Bb5 31. g3 Bd3 32. Kh2 Be4 33. Bc5 Qf7 34. Qxa6 Qh5 35. Qf1 g5 36. b4 gxf4 37. gxf4 Qh4 38. b5 d4 39.
Bxd4 Bd5 40. b6 Qe7 41. Qc1 Qg7 42. Qd2 Qb7 43. Be3 Qc6 44. Qf2 Qc4 45. Qd2 Qe4 46. Qc1 Qg2# 0-1

[Event "*** Titled Tuesday Blitz"]
[Site "Chess.com"]
[Date "2021.04.20"]
[Round "10"]
[White "Zq1"]
[Black "Andrii_Prydun"]
[Result "0-1"]
[WhiteElo "2507"]
[BlackElo "2354"]
[TimeControl "180+1"]
[EndTime "11:55:37 PDT"]
[Termination "Andrii_Prydun won on time"]

1. d4 d5 2. c4 c6 3. cxd5 cxd5 4. Bg5 Nf6 5. Bxf6 gxf6 6. Nc3 e6 7. e3 Nc6 8. Nge2 Bd7 9. g3 Rc8 10. Bg2 Bd6 11. O-O Na5 12. b3 Ba3 13. Qd3 f5 14. Nb5 Bxb5 15. Qxb5+ Kf8 16. Qa4 Bd6 17. Rac1 Nc6 18.
Rc2 Kg7 19. Rfc1 a6 20. a3 Qe8 21. Bf1 Ra8 22. Rxc6 bxc6 23. Rxc6 Bxa3 24. Nf4 Qd7 25. Nd3 Rhc8 26. Ne5 Qe8 27. Rxc8 Qxa4 28. Rxa8 Qxb3 29. Ra7 Qb2 30. Rxf7+ Kg8 31. Rf6 Bb4 32. Nd3 Qa3 33.
Rxe6 a5 34. Nf4 Be1 35. Nd3 Bc3 36. Re5 Qa2 37. Rxf5 a4 38. Rf6 Kg7 39. Ra6 a3 40.
h4 Qb3 41. Kg2 a2 42. Nc5 Qb2 0-1

[Event "*** Titled Tuesday Blitz"]
[Site "Chess.com"]
[Date "2021.04.20"]
[Round "10"]
[White "annamaja"]
[Black "DarZay"]
[Result "1-0"]
[WhiteElo "2286"]
[BlackElo "2176"]
[TimeControl "180+1"]
[EndTime "11:55:37 PDT"]
[Termination "annamaja won by checkmate"]

1. e4 e5 2. Nf3 Nc6 3. Bc4 Bc5 4. O-O Nf6 5. d3 O-O 6. c3 d6 7. Bb3 h6 8. Be3 Bb6 9. Nbd2 Bg4 10. h3 Bh5 11. Nc4 d5 12. exd5 Nxd5 13. Bxb6 axb6 14.
g4 b5 15. Ncxe5 Nxe5 16. Nxe5 Qg5 17. d4 Nf4 18. Kh2 Bg6 19. Qf3 Kh7 20. Rfe1 h5 21. gxh5 Bxh5 22. Qg3 Qh6 23. Bc2+ f5 24. Nf3 Bg4 25.
Ng1 Rh8 26. Qxg4 Kg8 27. Bxf5 Rf8 28. f3 Qd6 29. Kh1 Rf6 30. Re8+ Rf8 31. Rxf8+ Qxf8 32. Qxf4 Rh5 33. Be6+ Kh7 34. Qxf8 Kh6 35. Qh8+ Kg5 36. Qxg7+ Kf4 37. Qg4+ Ke3 38. Qe4+ Kf2 39. Qe2+ Kg3 40. Qh2+ Kh4 41. Qf4# 1-0

[Event "*** Titled Tuesday Blitz"]
[Site "Chess.com"]
[Date "2021.04.20"]
[Round "10"]
[White "Kobalia"]
[Black "Chernobay_Artem"]
[Result "1-0"]
[WhiteElo "2785"]
[BlackElo "2637"]
[TimeControl "180+1"]
[EndTime "11:55:38 PDT"]
[Termination "Kobalia won by resignation"]

1. e4 e6 2. d3 d5 3. Nd2 Nf6 4. Ngf3 c5 5. g3 Nc6 6. Bg2 Be7 7. O-O O-O 8. Re1 b5 9. a4 b4 10. exd5 Nxd5 11. Nc4 Bf6 12. h4 h6 13. Nfd2 Bb7 14.
Ne4 Be7 15. Qh5 Nd4 16. Qd1 Rb8 17. c3 bxc3 18. bxc3 Nc6 19. Ba3 Ba8 20. Qc2 Nb6 21. Nxc5 Nxc4 22. dxc4 Qc8 23. Ne4 Bxa3 24. Rxa3 Na5 25. c5 f5 26. Nd2 Qxc5 27. Raa1 f4 28. Qg6 Rf6 29. Qg4 Qxc3 30. Bxa8 Qxd2 31. Rxe6 Qd4 32.
Rf1 Rxa8 33. Re7 Rff8 34. Rd1 h5 35. Qxh5 Qf6 36. Rdd7 Nc6 37. Rxg7+ Qxg7 38. Rxg7+ Kxg7 39. Qg5+ Kh7 40. h5 Rf7 41. Qg6+ 1-0

[Event "*** Titled Tuesday Blitz"]
[Site "Chess.com"]
[Date "2021.04.20"]
[Round "10"]
[White "enriquebutti"]
[Black "VladimirBugayev"]
[Result "1-0"]
[WhiteElo "2097"]
[BlackElo "2251"]
[TimeControl "180+1"]
[EndTime "11:55:38 PDT"]
[Termination "enriquebutti won on time"]

1. d4 Nf6 2. Nf3 g6 3. c4 c5 4. Nc3 cxd4 5. Nxd4 Nc6 6. Nc2 Bg7 7. g3 O-O 8. Bg2 d6 9. O-O Qa5 10. Qd2 Qh5 11.
b3 Bh3 12. Bb2 Bh6 13. e3 Ng4 14. f4 Bg7 15. Rab1 Bxg2 16. Qxg2 Rfe8 17. Nd5 Bxb2 18.
Rxb2 Rac8 19. h3 Nf6 20. Nxf6+ exf6 21. Rbb1 b5 22. cxb5 Qxb5 23. Rfd1 Qc5 24. Qd2 Qf5 25. g4 Qe4 26. Rbc1 Ne7 27. Qg2 Qxg2+ 28. Kxg2 Rc3 29. Kf2 Rec8 30. Rd2 d5 31. Ke2 d4 32. exd4 Nd5 33.
Kd1 Ne3+ 34. Nxe3 Rxc1+ 35. Ke2 Rh1 36. d5 Re8 37. d6 Rxh3 38. Rd3 Rh2+ 39. Kf3 1-0

[Event "*** Titled Tuesday Blitz"]
[Site "Chess.com"]
[Date "2021.04.20"]
[Round "10"]
[White "Vanina1989"]
[Black "I_Enchev"]
[Result "1-0"]
[WhiteElo "2792"]
[BlackElo "2619"]
[TimeControl "180+1"]
[EndTime "11:55:39 PDT"]
[Termination "Vanina1989 won by resignation"]

1. d4 Nf6 2. c4 e6 3. Nf3 d5 4. Nc3 a6 5. cxd5 exd5 6. Bg5 Be6 7. e3 Nbd7 8. Bd3 Bd6 9. O-O h6 10. Bh4 O-O 11. Rc1 c6 12. Re1 a5 13. Bg3 Qb8 14. Be2 Re8 15. Bd3 Bg4 16. Ne2 Ne4 17. Qc2 a4 18. a3 Ndf6 19. Nf4 Bxf3 20. gxf3 Ng5 21. Kg2 Qc8 22. Bf5 Qb8 23. h4 Ne6 24. Bxe6 fxe6 25. Qg6 Qc7 26. Rg1 Qf7 27. Qxf7+ Kxf7 28. Nxd5 Bxg3 29. Nxf6 gxf6 30. fxg3 h5 31. Kf2 f5 32.
Rc5 Ra6 33. Rg2 Rb6 34. Ke1 Rb3 35. Re2 Ra8 36. Kf2 Ra6 37. Ke1 Rab6 38. Rcc2 Kf6 39. Kd1 e5 40. dxe5+ Kxe5 41. Kc1 Ra6 42. Rc5+ Kf6 43.
Rc4 Ra8 44. Rf4 Re8 45. e4 Rb5 46. g4 Rc5+ 47. Kb1 hxg4 48. fxg4 Rh8 49. g5+ Kg6 50.
exf5+ Rxf5 51. Re6+ Kf7 52. Ree4 Kg6 53. Rxa4 Re8 54.
Rxf5 Kxf5 55. Rb4 b5 56. Rd4 Re1+ 57. Ka2 Rh1 58. Rd6 Rxh4 59. Rxc6 b4 60. Rc5+ Ke6 61. axb4 Rxb4 62. Ka3 Rb8 63. b4 Kd6 64. g6 Rg8 65.
Rg5 Ra8+ 66. Kb3 Ke6 67. g7 Rg8 68. b5 Kf6 69. Rg1 1-0

[Event "*** Titled Tuesday Blitz"]
[Site "Chess.com"]
[Date "2021.04.20"]
[Round "10"]
[White "Rozhkov_V"]
[Black "Gerodot71"]
[Result "1-0"]
[WhiteElo "2466"]
[BlackElo "2572"]
[TimeControl "180+1"]
[EndTime "11:55:39 PDT"]
[Termination "Rozhkov_V won by resignation"]

1. e4 e5 2. Nf3 Nc6 3. d4 exd4 4. Bc4 Nf6 5. e5 d5 6. Bb5 Ne4 7. Nxd4 Bc5 8. Be3 O-O 9. Nxc6 bxc6 10. Bxc5 Nxc5 11. Bxc6 Rb8 12. Qxd5 Qe7 13. O-O Rd8 14. Qf3 Rxb2 15. Na3 Ne6 16. Qc3 Rb6 17. Bf3 Nd4 18.
Rad1 Nxf3+ 19. Qxf3 Bb7 20. Rxd8+ Qxd8 21. Rd1 Qe7 22. Qd3 h6 23. Nc4 Rg6 24. Qd8+ Qxd8 25.
Rxd8+ Kh7 26. g3 Rc6 27. Ne3 Rb6 28. f4 Rb1+ 29. Kf2 Rh1 30. Rd7 Rxh2+ 31. Ke1 Bf3 32. Kf1 Re2 33. Rd3 Rh2 34. Rd7 Re2 35. Nf5 Rxc2 36.
Rxf7 Kg6 37. e6 Bg4 38. Nh4+ Kh7 39. e7 Re2 40. f5 Re5 41. f6 Bf5 42. Nxf5 Rxf5+ 43. Kg2 Re5 44. Rf8 gxf6 45. e8=Q Rxe8 46. Rxe8 1-0

[Event "*** Titled Tuesday Blitz"]
[Site "Chess.com"]
[Date "2021.04.20"]
[Round "10"]
[White "MeekMammoth2"]
[Black "kai_nov"]
[Result "1-0"]
[WhiteElo "2459"]
[BlackElo "2308"]
[TimeControl "180+1"]
[EndTime "11:55:39 PDT"]
[Termination "MeekMammoth2 won on time"]

1. e4 c5 2. c3 Nf6 3. e5 Nd5 4. d4 cxd4 5. Nf3 Nc6 6. cxd4 d6 7. Bc4 dxe5 8. Nxe5 e6 9. O-O Be7 10. Nf3 O-O 11. Nc3 Nf6 12. Re1 a6 13. Bd3 b5 14.
a3 Bb7 15. Bc2 Rc8 16. Qd3 g6 17. Bh6 Re8 18. Rad1 b4 19. Na4 Qa5 20. Ne5 Red8 21. Qf3 Nxe5 22. Qxb7 Rc7 23. axb4 Rxb7 24. bxa5 Nc4 25.
b3 Nxa5 26. Nc5 Rb6 27. Ra1 Nc6 28. Nxa6 Nxd4 29. Bd1 Ra8 30. Be3 Rbxa6 31. Rxa6 Rxa6 32. Bxd4 Nd5 33. Bf3 Nf4 34. Rc1 f6 35. g3 Nd5 36.
Re1 Kf7 37. Kg2 Ra2 38. Rc1 Bd6 39. Rc6 Ke7 40. Bxd5 exd5 41. Bxf6+ 1-0